 Dungeon Crawl Stone Soup version 0.23-a0-417-gf02c810438 (webtiles) character file.

7634 Vesh the Unseen (level 10, 0/49 HPs)
             Began as a Spriggan Enchanter on Nov 10, 2018.
             Was an Elder of Dithmenos.
             Slain by an eight-headed hydra (15 damage)
             ... on level 9 of the Dungeon.
             The game lasted 00:28:35 (15235 turns).

Vesh the Unseen (Spriggan Enchanter)               Turns: 15235, Time: 00:28:36

Health: 0/49       AC:  4    Str:  6    XL:     10   Next: 98%
Magic:  14/20      EV: 23    Int: 19    God:    Dithmenos [****..]
Gold:   502        SH:  0    Dex: 16    Spells: 12/24 levels left

rFire    . . .     SeeInvis +   f - +3 dagger (venom)
rCold    . . .     Gourm    .   (shield restricted)
rNeg     + . .     Faith    .   A - +2 robe {rN+}
rPois    .         Spirit   .   (helmet restricted)
rElec    .         Reflect  .   (no cloak)
rCorr    .         Harm     .   (gloves unavailable)
MR       +....                  (boots unavailable)
Stlth    +++++++++.             (no amulet)
HPRegen  0.16/turn              j - ring of wizardry
MPRegen  0.17/turn              (no ring)

@: wreathed by umbra, very quick
A: very small, unfitting armour, antennae 1, see invisible, blink, deterioration
1, herbivore, speed 3, low mp 1, slow metabolism 2
a: Blink, Shadow Step, Renounce Religion


You were on level 9 of the Dungeon.
You worshipped Dithmenos.
Dithmenos was greatly pleased with you.
You were not hungry.

You visited 2 branches of the dungeon, and saw 10 of its levels.
You also visited: Sewer.

You collected 502 gold pieces.

Inventory:

Hand Weapons
 a - a +1 dagger
 f - a +3 dagger of venom (weapon)
 r - a +1 short sword of holy wrath
 t - a +0 shortbow
Missiles
 c - 102 bolts
 g - a throwing net (quivered)
 m - 182 arrows
Armour
 A - a +2 robe of positive energy (worn)
Jewellery
 j - a ring of wizardry (left hand)
Wands
 b - a wand of paralysis (7)
 n - a wand of disintegration (14)
 o - a wand of acid (5)
 s - a wand of digging (4)
 v - a wand of polymorph (17)
Scrolls
 i - 5 scrolls of remove curse
 k - 3 scrolls of immolation
 p - 6 scrolls of teleportation
 q - 2 scrolls of fear
 u - 2 scrolls of magic mapping
 x - a scroll of identify
 y - a scroll of amnesia
Potions
 e - 3 potions of lignification
 h - 3 potions of heal wounds
 l - 5 potions of flight
 w - a potion of curing
Comestibles
 d - 13 rations


   Skills:
 + Level 3.9 Fighting
 + Level 5.4 Short Blades
 + Level 7.5 Dodging
 + Level 17.3 Stealth
 + Level 7.8 Spellcasting
 + Level 8.2 Hexes


You had 12 spell levels left.
You knew the following spells:

 Your Spells              Type           Power        Failure   Level  Hunger
a - Ensorcelled Hibernat  Hex/Ice        ###...       1%          2    None
b - Corona                Hex            #####..      1%          1    None
c - Confuse               Hex            #####...     1%          3    #......
d - Tukima's Dance        Hex            #####...     1%          3    #......
e - Dazzling Spray        Conj/Hex       ###...       1%          3    #......

Your spell library contained the following spells:

 Spells                   Type           Power        Failure   Level  Hunger
 Slow                     Hex            #####...     1%          2    None
 Inner Flame              Hex/Fire       ###.....     1%          3    #......
 Portal Projectile        Hex/Tloc       ###...       1%          3    #......
 Summon Guardian Golem    Hex/Summ       ###.....     1%          3    #......
 Cause Fear               Hex            #####.....   1%          4    ###....
 Summon Small Mammal      Summ           #...         4%          1    None
 Call Imp                 Summ           #.......     6%          2    None
 Leda's Liquefaction      Hex/Erth       ###.......   7%          4    ###....
 Call Canine Familiar     Summ           #.......     12%         3    #......
 Summon Ice Beast         Ice/Summ       #.......     34%         4    ###....
 Summon Lightning Spire   Summ/Air       #.......     34%         4    ###....


Dungeon Overview and Level Annotations

Branches:
Dungeon (9/15)             Temple (1/1) D:6
   Lair: D:8-11         Orc: D:9-12

Altars:
Ashenzari
Cheibriados
Dithmenos
Elyvilon
Fedhas
Gozag
Hepliaklqana
Kikubaaqudgha
Makhleb
Nemelex Xobeh
Okawaru
Qazlal
Ru
Sif Muna
Trog
Uskayaw
Vehumet
Wu Jian
Xom
Yredelemnul
Zin
The Shining One

Shops:
D:8 [


Innate Abilities, Weirdness & Mutations

You are very small and have problems with some larger weapons.
You are too small for most types of armour.
You have supernaturally acute eyesight. (SInv)
You are a herbivore.
You cover ground extremely quickly.
You need to consume almost no food.
You have a pair of small antennae on your head.
You can translocate small distances at will.
Your body sometimes deteriorates upon taking damage.
Your magical capacity is low. (-10% MP)


Message History

Confirm with . or Enter, or press ? or * to list all spells.
Aiming: Dazzling Spray (safe; 1% risk of failure)
Press: ? - help, Shift-Dir - straight line, f - centaur zombie
Aim: a centaur zombie (lightly damaged, umbra)
The spray of energy hits the centaur zombie.
The centaur zombie is moderately damaged.
The spray of energy hits the eight-headed hydra.
The eight-headed hydra is lightly wounded.
The spray of energy hits the orc.
The orc is almost dead.
The orc is dazzled.
The centaur zombie completely misses you.
The centaur zombie hits you. The eight-headed hydra bites you!
The eight-headed hydra barely misses you.
The eight-headed hydra completely misses you.
The eight-headed hydra bites you!
The eight-headed hydra completely misses you.
The eight-headed hydra closely misses you.
The eight-headed hydra bites you!
You die...

#.......# ....
#......## ....#
#......##....#
##...........#
##..##......####
#####
##..####........#
.... ##..##
##.#####.##..# ##..##
#.#[cD#8.#.# #..##
##.#FoZ@....# ..##
#..#(oY#8...# ..##
#..#####...## ...####
#..........# ......##
#.####.#...#
..###..###..........#
..# ###...........###
#.# ##..######### ###
#.##


You could see an eight-headed hydra, a sky beast (blind), a bullfrog, a centaur,
2 orcs and a centaur zombie.

Vanquished Creatures
  A two-headed ogre (D:9)
  Erica (D:9)
  Maurice (D:9)
  Joseph (D:8)
  Psyche (D:8)
  A polar bear (D:8)
  Grinder (D:4)
  A hippogriff (D:6)
  Sigmund (D:4)
  A spriggan (D:7)
  A yak (D:8)
  2 hungry ghosts (D:7)
  An orc warrior (D:7)
  A phantom (D:4)
  3 sky beasts
  A black bear (D:7)
  4 ice beasts
  2 wolves (D:8)
  5 ogres
  A centaur (D:8)
  5 bullfrogs
  Blork the orc (D:6)
  4 scorpions
  9 killer bees
  A howler monkey (D:7)
  4 wights (D:6)
  2 electric eels (D:6)
  2 crimson imps
  A centaur zombie (D:6)
  3 centaur skeletons
  9 orc wizards
  4 hounds
  An orc priest (D:7)
  2 bullfrog skeletons
  A jelly (D:6)
  3 iguanas
  A merfolk siren (Sewer)
  6 worker ants
  A merfolk avatar (Sewer)
  A bullfrog simulacrum (D:8)
  A worker ant zombie (D:6)
  A killer bee simulacrum (D:8)
  16 adders
  2 river rats (Sewer)
  2 shadow imps
  A white imp (D:8)
  3 oozes
  2 worms (D:6)
  4 dart slugs
  9 leopard geckos
  36 orcs
  9 giant cockroaches
  7 goblins
  7 hobgoblins
  15 jackals
  6 kobolds
  4 quokkas
  3 ball pythons (Sewer)
  7 bats
  7 frilled lizards
  A jackal skeleton (D:4)
  A leopard gecko skeleton (D:4)
  25 rats
  A toadstool (D:1)
262 creatures vanquished.

Vanquished Creatures (others)
  3 toadstools (D:1)
3 creatures vanquished.

Grand Total: 265 creatures vanquished

Notes
Turn   | Place    | Note
-------+----------+-------------------------------------------
     0 | D:1      | Vesh the Spriggan Enchanter began the quest for the Orb.
     0 | D:1      | Reached XP level 1. HP: 9/9 MP: 5/5
   679 | D:1      | Reached XP level 2. HP: 7/13 MP: 5/7
   694 | D:1      | Learned a level 2 spell: Ensorcelled Hibernation
  1500 | D:2      | Reached XP level 3. HP: 16/16 MP: 6/9
  1505 | D:2      | Learned a level 3 spell: Confuse
  1509 | D:2      | Learned a level 3 spell: Tukima's Dance
  1739 | D:2      | You fall through a shaft for 2 floors!
  1752 | D:3      | Noticed a sky beast
  3057 | D:2      | Reached XP level 4. HP: 21/21 MP: 11/11
  3301 | D:2      | Reached skill level 5 in Hexes
  3956 | D:3      | Killed a sky beast
  3956 | D:3      | Reached skill level 5 in Spellcasting
  3956 | D:3      | Reached XP level 5. HP: 24/24 MP: 9/13
  3961 | D:3      | Learned a level 3 spell: Dazzling Spray
  4140 | D:3      | Reached skill level 5 in Stealth
  4260 | D:3      | Found a shadowy altar of Dithmenos.
  4267 | D:3      | Became a worshipper of Dithmenos the Shadowed
  4894 | D:4      | Noticed Sigmund
  4914 | D:4      | Killed Sigmund
  4914 | D:4      | Reached skill level 7 in Stealth
  4914 | D:4      | Reached XP level 6. HP: 13/28 MP: 1/14
  5315 | D:4      | Reached skill level 8 in Stealth
  5846 | D:4      | Reached skill level 9 in Stealth
  5873 | D:4      | Noticed Grinder
  5891 | D:4      | Killed Grinder
  5891 | D:4      | Reached skill level 10 in Stealth
  5891 | D:4      | Reached XP level 7. HP: 18/32 MP: 9/15
  6121 | D:4      | Found a burning altar of Makhleb.
  6121 | D:4      | Found a glowing silver altar of Zin.
  6122 | D:4      | Noticed an angel
  6122 | D:4      | Noticed an Executioner
  6229 | D:4      | Found a bloodstained altar of Trog.
  6628 | D:4      | Reached skill level 11 in Stealth
  6941 | D:5      | Entered Level 5 of the Dungeon
  7065 | D:5      | Reached * piety under Dithmenos
  7085 | D:5      | Reached skill level 12 in Stealth
  7085 | D:5      | Reached XP level 8. HP: 36/36 MP: 9/16
  7247 | D:5      | Found a shimmering altar of Xom.
  8043 | D:6      | Reached skill level 13 in Stealth
  8144 | D:6      | Reached skill level 14 in Stealth
  8238 | D:6      | Noticed a hippogriff
  8285 | D:6      | Reached skill level 15 in Stealth
  8384 | D:6      | Killed a hippogriff
  8384 | D:6      | Reached XP level 9. HP: 39/39 MP: 9/17
  8421 | D:6      | Found a glowing drain.
  8436 | Sewer    | Entered a sewer
  8466 | Sewer    | Reached ** piety under Dithmenos
  9580 | D:6      | Reached skill level 16 in Stealth
  9733 | D:6      | Reached *** piety under Dithmenos
  9786 | D:6      | Found a staircase to the Ecumenical Temple.
  9790 | Temple   | Entered the Ecumenical Temple
 10013 | D:6      | Noticed Blork the orc
 10019 | D:6      | Killed Blork the orc
 10391 | D:6      | Reached skill level 1 in Fighting
 10522 | D:6      | Found a faded altar of an unknown god.
 10522 | D:6      | Found a faded altar of an unknown god.
 10527 | D:6      | Found a hazy altar of Hepliaklqana.
 10529 | D:6      | Found a snail-covered altar of Cheibriados.
 10531 | D:6      | Found a shimmering altar of Xom.
 11993 | D:7      | Reached skill level 5 in Dodging
 12569 | D:8      | Noticed Psyche
 12576 | D:8      | Killed Psyche
 12576 | D:8      | Reached XP level 10. HP: 47/47 MP: 20/20
 13012 | D:8      | Found Yhus's Armour Boutique.
 13483 | D:8      | Identified the ring "Ovoblous" {*Tele +Inv Dex+3}
 13483 | D:8      | Noticed Joseph
 13488 | D:8      | Killed Joseph
 13549 | D:8      | Reached **** piety under Dithmenos
 13849 | D:8      | Reached skill level 17 in Stealth
 13880 | D:8      | Found a hide-covered altar of Uskayaw.
 13881 | D:8      | Found a sacrificial altar of Ru.
 13881 | D:8      | Found a blossoming altar of Fedhas.
 13881 | D:8      | Found a deep blue altar of Sif Muna.
 13881 | D:8      | Found an iron altar of Okawaru.
 14313 | D:9      | Noticed Erica
 14324 | D:9      | Killed Erica
 14324 | D:9      | Reached skill level 5 in Short Blades
 14486 | D:9      | Found a shattered altar of Ashenzari.
 14501 | D:9      | Noticed Maurice
 14526 | D:9      | Killed Maurice
 15094 | D:9      | Noticed a two-headed ogre
 15100 | D:9      | Killed a two-headed ogre
 15220 | D:9      | Noticed an eight-headed hydra
 15225 | D:9      | Found a runed door.
 15230 | D:9      | Gained mutation: Your magical capacity is low. (-10% MP)
                  | [potion of mutation]
 15230 | D:9      | Gained mutation: Your body sometimes deteriorates upon
                  | taking damage. [potion of mutation]
 15230 | D:9      | Gained mutation: You have a pair of small antennae on your
                  | head. [potion of mutation]
 15230 | D:9      | Gained mutation: You can translocate small distances at
                  | will. [potion of mutation]
 15235 | D:9      | Slain by an eight-headed hydra

Vault maps used:
D:1:      ldierk_water_garden
D:3:      first_ration, grunt_dithmenos_smoke_and_mirrors
D:4:      grunt_temple_overflow_order_and_chaos_2, lightli_temple_of_fire,
          nicolae_zen_rock_garden, uniq_sigmund, uniq_grinder
D:5:      basic_altar
D:6:      chequers_temple_overflow_minitemple, minmay_temple_entry_glassed_door,
          cheibrodos_sewer_entry_bend, serial_bayou_lagoon_b, uniq_blork_the_orc
D:7:      serial_corexii_hall, chequers_hall_statues_wall_a,
          chequers_hall_statues_wall_a, corexii_hall_statues_i,
          corexii_hall_statues_i, the_bakery, st_stairs_12
D:8:      minitemple, serial_ice, serial_ice_a, serial_ice_m, serial_ice_f,
          serial_ice_l, serial_shops, shop, uniq_psyche, uniq_joseph
D:9:      evilmike_ruin_ashenzari, minmay_st_funbox, uniq_erica, uniq_maurice
Temple:   jpeg_temple_island
Sewer:    sewer_sea

Skill      XL: |  1  2  3  4  5  6  7  8  9 10 |
---------------+-------------------------------+-----
Spellcasting   | 3 4 5 6 7 |  7.8
Hexes          | 4 5 7 8 |  8.2
Stealth        | 7 10 12 15 16 17 | 17.3
Fighting       | 2 3 |  3.9
Short Blades   | 3 5 |  5.4
Dodging        | 5 7 |  7.5

Action                   |  1- 3 |  4- 6 |  7- 9 | 10-12 || total
-------------------------+-------+-------+-------+-------++-------
Melee: Dagger            |    83 |   169 |   332 |   170 ||   754
 Cast: Corona            |     3 |     1 |       |       ||     4
       Ensorcelled Hiber |    24 |    38 |    53 |    29 ||   144
       Confuse           |       |     7 |    19 |    14 ||    40
       Dazzling Spray    |       |     4 |     4 |     5 ||    13
       Tukima's Dance    |       |     1 |       |       ||     1
  Use: Scroll            |     7 |     2 |     7 |     1 ||    17
       Potion            |       |     6 |     3 |     1 ||    10
 Stab: Sleeping          |    20 |    25 |    71 |    21 ||   137
       Confused          |       |     4 |    14 |     9 ||    27
       Distracted        |       |     1 |       |     1 ||     2
       Invisible         |       |     1 |       |       ||     1
  Eat: Ration            |     1 |     2 |     4 |     2 ||     9
Armor: Robe              |     8 |    27 |    15 |     4 ||    54
       Skin              |       |    11 |       |       ||    11
Dodge: Dodged            |    77 |   148 |   262 |   136 ||   623

Table legend:
 A = Non-vault XP
 B = Vault XP
 C = Vault XP percentage of total XP
 D = Non-vault monster count
 E = Vault monster count
 F = Vault count percentage of total count
                 A         B        C        D         E       F
            +---------+---------+-------+---------+---------+-------
      Total |    6637 |    4270 |  39.1 |     202 |      59 |  22.6
            +---------+---------+-------+---------+---------+-------
        D:1 |      45 |       0 |   0.0 |      20 |       0 |   0.0
        D:2 |      62 |       0 |   0.0 |      17 |       0 |   0.0
        D:3 |     205 |       0 |   0.0 |      22 |       0 |   0.0
        D:4 |     453 |     451 |  49.9 |      22 |       2 |   8.3
        D:5 |     463 |       0 |   0.0 |      20 |       0 |   0.0
        D:6 |    1687 |      97 |   5.4 |      28 |       3 |   9.7
        D:7 |    1235 |     277 |  18.3 |      31 |       2 |   6.1
        D:8 |     813 |    1949 |  70.6 |      20 |      11 |  35.5
        D:9 |    1674 |    1338 |  44.4 |      22 |       2 |   8.3
      Sewer |       0 |     158 | 100.0 |       0 |      39 | 100.0
            +---------+---------+-------+---------+---------+-------
